 Dungeon Crawl Stone Soup version 0.16.2-12-gd0ad4c3 (webtiles) character file.

35 faibistes the Magician (level 3, 0/19 HPs)
             Began as a Deep Elf Wizard on Jan 3, 2019.
             Slain by a fire vortex (19 damage)
             ... summoned by miscasting Conjure Flame
             ... on level 2 of the Dungeon.
             The game lasted 00:04:51 (1739 turns).

faibistes the Magician (Deep Elf Wizard)            Turns: 1739, Time: 00:04:52

Health: 0/19       AC:  2    Str:  4    XL:     3   Next: 17%
Magic:  11/14      EV: 13    Int: 23    God:
Gold:   140        SH:  0    Dex: 13    Spells: 5 memorised, 1 level left

rFire  . . .     SeeInvis .     k - +0 dagger
rCold  + . .     Clarity  .     a - +0 robe
rNeg   . . .     SustAb   .     (no shield)
rPois  .         Gourm    .     b - +0 hat
rElec  .         Spirit   .     (no cloak)
rCorr  .         Warding  .     (no gloves)
rMut   .         Stasis   .     (no boots)
MR     .....                    (no amulet)
Stlth  ++........               h - ring of flight
                                m - ring of protection from cold

@: very slightly contaminated, not resistant to hostile enchantments, unstealthy
A: no striking features
a: Evoke Flight


You were on level 2 of the Dungeon.
You were not hungry.

You visited 1 branch of the dungeon, and saw 4 of its levels.

You collected 140 gold pieces.

Inventory:

Hand weapons
 k - a +0 dagger (weapon)
Armour
 a - a +0 robe (worn)
 b - a +0 hat (worn)
Jewellery
 h - a ring of flight (right hand)
 m - a ring of protection from cold (left hand)
Scrolls
 f - a scroll of fog {unknown}
 g - a scroll of remove curse {unknown}
 l - a scroll of blinking {unknown}
 n - a scroll of random uselessness {unknown}
 o - a scroll of fear {unknown}
 r - a scroll of noise {unknown}
 t - a scroll of teleportation {unknown}
Potions
 e - 2 potions of curing
 i - a potion of agility
 j - a potion of magic
 p - 2 potions of heal wounds
 q - a potion of ambrosia {unknown}
 s - 2 potions of haste
 v - a potion of experience {unknown}
Books
 c - a book of Minor Magic

   Spells                             Type                      Level
   a - Magic Dart                     Conjuration                  1
   b - Blink                          Translocation                2
   c - Call Imp                       Summoning                    2
   d - Repel Missiles                 Charms/Air                   2
   e - Slow                           Hexes                        2
   f - Conjure Flame                  Conjuration/Fire             3
   g - Mephitic Cloud                 Conjuration/Poison/Air       3
Comestibles
 d - a bread ration
 u - 2 chunks of flesh
 w - a beef jerky


   Skills:
 + Level 2.8 Dodging
 - Level 2.4 Stealth
 * Level 5.2 Spellcasting
 * Level 2.2 Conjurations
 - Level 1.1 Summonings
 - Level 1.1 Translocations


You had one spell level left.
You knew the following spells:

 Your Spells              Type           Power        Failure   Level  Hunger
a - Magic Dart            Conj           ###.         3%          1    None
b - Conjure Flame         Conj/Fire      ##......     21%         3    ##.....
c - Call Imp              Summ           ##......     12%         2    None
d - Blink                 Tloc           N/A          12%         2    None
e - Mephitic Cloud        Conj/Pois/Air  #.......     21%         3    ##.....


Dungeon Overview and Level Annotations

Branches:
Dungeon (4/15)
 Temple: D:4-7

Altars:


Message History

Press: ? - help, Dir - move target cursor You miscast Conjure Flame.
You are very lightly contaminated with residual magic.
The air around you burns with energy!
You start resting.
Magic restored.
You start waiting.
Your magical contamination has completely faded away.
Casting: Conjure Flame
Confirm with . or Enter, or press ? or * to list all spells.
Aiming: Conjure Flame
Press: ? - help, Dir - move target cursor You miscast Conjure Flame.
You are very lightly contaminated with residual magic.
Fire whirls out from your hands! 2 fire vortices come into view.
There are monsters nearby!
The fire vortex hits you. The fire vortex burns you!
Ouch! That really hurt!
You die...

.#..##...... #............ #
.#.###.<.... #. #...[.... ..
########. ......#.#...
####.#.#....w...#.####.#.###.
.........#### ##. #.#.# #.
..######....####.. #.#.# #. #
####.@.##..###....###. .
###..#.#........#.. #.
##...............# #
#.#####...##.........##.
..##........###.#.......#..
#.....#.........##<.......#
#.....####.####.......#.#
##..(....#.####.......#..
#.###.....##.........##.


There were no monsters in sight!

Vanquished Creatures
  2 giant geckos
  An ooze (D:2)
  An orc (D:4)
  3 bats
  2 giant cockroaches (D:1)
  4 goblins
  4 hobgoblins
  4 kobolds
  2 giant newts (D:1)
  2 jackals (D:1)
  2 rats
27 creatures vanquished.

Notes
Turn   | Place    | Note
--------------------------------------------------------------
     0 | D:1      | faibistes, the Deep Elf Wizard, began the quest for the Orb.
     0 | D:1      | Reached XP level 1. HP: 10/10 MP: 6/6
   339 | D:1      | Reached XP level 2. HP: 15/15 MP: 6/9
   375 | D:1      | Learned a level 2 spell: Blink
   378 | D:1      | Learned a level 2 spell: Call Imp
  1005 | D:1      | Reached skill level 5 in Spellcasting
  1298 | D:4      | Reached XP level 3. HP: 19/19 MP: 12/14
  1304 | D:4      | Noticed an ogre
  1393 | D:2      | Learned a level 3 spell: Conjure Flame
  1397 | D:2      | Learned a level 3 spell: Mephitic Cloud
  1735 | D:2      | Noticed a fire vortex
  1735 | D:2      | Noticed a fire vortex
  1739 | D:2      | Slain by a fire vortex

Action                   || total
-------------------------++-------
 Cast: Magic Dart        ||    66
  Use: Scroll            ||     5
  Eat: Chunk             ||     2
